 Dungeon Crawl Stone Soup version 0.31.0-12-g77e489cdc1 (webtiles) character file.

Game seed: 10295718184977186346

61420 Gadfly the Unseen (level 14, -5/74 HPs)
             Began as a Spriggan Enchanter on Feb 18, 2024.
             Was an Initiate of Gozag.
             Slain by a hell knight
             ... wielding a +5 battleaxe
              (7 damage)
             ... while petrified by a catoblepas
             ... on level 15 of the Dungeon.
             The game lasted 00:54:45 (22842 turns).

Gadfly the Unseen (Spriggan Enchanter)             Turns: 22842, Time: 00:54:46

Health: -5/74      AC:  8    Str:  4    XL:     14   Next: 60%
Magic:  21/31      EV:  4    Int: 22    God:    Gozag
Gold:   3341       SH:  0    Dex: 19    Spells: 29/37 levels left

rFire   . . .        a - +3 dagger (flame)
rCold   + + .        (no shield)
rNeg    + + +        K - +1 robe of the Crypt {rPois rC+++}
rPois   ∞            W - +1 hat of Zangasch {rC- Int+4}
rElec   .            l - scarf {harm}
rCorr   .            (gloves unavailable)
SInv    +            (boots unavailable)
Will    ++...        q - amulet of regeneration
Stlth   ++++++       H - +4 ring of protection
HPRegen 1.12/turn    p - +5 ring of evasion
MPRegen 0.22/turn

%: harm (+30% outgoing, +20% incoming)
@: about to teleport, petrified, gold aura, studying Dodging, very quick
A: very small, no large weapons, unfitting armour, see invisible, speed 3
a: Renounce Religion, Potion Petition, Call Merchant, Bribe Branch


You were on level 15 of the Dungeon.
You worshipped Gozag.
Gozag was most pleased with you.
You visited 3 branches of the dungeon, and saw 17 of its levels.
You also visited: Sewer.

You collected 4193 gold pieces.
You spent 742 gold pieces at shops.
You paid 110 gold pieces to Gozag.

Inventory:

Hand Weapons
 a - a +3 dagger of flaming (weapon)
 b - a +2 dagger of draining
 z - a +2 dagger of freezing
 L - a +2 scimitar of flaming
 M - a +2 dagger of venom
Missiles
 D - a throwing net
Armour
 l - a scarf of harm (worn)
 v - a +1 robe of positive energy
 F - the scarf of Midwinter {repulsion, rF++ Dex-4}
   (You found it on level 7 of the Dungeon)

   Dex-4:     It affects your dexterity (-4).
   rF++:      It greatly protects you from fire.
 K - the +1 robe of the Crypt (worn) {rPois rC+++}
   (You took it off a centaur on level 7 of the Dungeon)

   rC+++:     It renders you almost immune to cold.
   rPois:     It protects you from poison
 W - the +1 hat of Zangasch (worn) {rC- Int+4}
   (You found it on level 13 of the Dungeon)

   Int+4:     It affects your intelligence (+4).
   rC-:       It makes you vulnerable to cold.
Jewellery
 h - a ring of flight
 p - a +5 ring of evasion (right hand)
 q - an amulet of regeneration (around neck)
 t - a ring of resist corrosion
 E - a ring of fire
 H - a +4 ring of protection (left hand)
 J - a ring of fire
 V - a ring of protection from fire
Wands
 e - a wand of flame (16)
 s - a wand of digging (10)
 w - a wand of light (10)
 Q - a wand of roots (14)
 Y - a wand of paralysis (4)
Scrolls
 k - a scroll of silence
 m - 4 scrolls of vulnerability
 o - 3 scrolls of blinking
 r - 5 scrolls of teleportation
 u - 3 scrolls of amnesia
 x - a scroll of fog
 y - 3 scrolls of fear
 G - a scroll of brand weapon
 S - a scroll of poison
 T - 8 scrolls of identify
 U - a scroll of enchant weapon
Potions
 c - 2 potions of invisibility
 d - 3 potions of mutation
 f - 7 potions of curing
 g - 7 potions of magic
 i - 5 potions of haste
 j - 3 potions of enlightenment
 n - 2 potions of brilliance
 A - 2 potions of lignification
 B - 2 potions of cancellation
 N - 10 potions of ambrosia
 O - a potion of might
Miscellaneous
 I - a phial of floods
 X - a tin of tremorstones (2/2)
 Z - a lightning rod (4/4)


   Skills:
 + Level 8.7 Fighting
 + Level 11.3 Short Blades
 + Level 14.3 Dodging
 + Level 15.6 Stealth
 + Level 12.2 Spellcasting
 + Level 12.4 Hexes
 + Level 12.8 Evocations


You had 29 spell levels left.
You knew the following spells:

 Your Spells              Type           Power      Damage    Failure   Level
a - Ensorcelled Hibernat  Hex/Ice        80%        N/A       1%          2
b - Confusing Touch       Hex            62%        N/A       1%          3
c - Swiftness             Air            13%        N/A       14%         3

Your spell library contained the following spells:

 Spells                   Type           Power      Damage    Failure   Level
 Slow                     Hex            100%       N/A       1%          1
 Dazzling Flash           Conj/Hex       80%        N/A       1%          3
 Inner Flame              Hex/Fire       40%        N/A       1%          3
 Sigil of Binding         Hex            62%        N/A       1%          3
 Tukima's Dance           Hex            62%        N/A       1%          3
 Dimensional Bullseye     Hex/Tloc       20%        N/A       3%          4
 Kiss of Death            Conj/Necr      52%        2d9       4%          1
 Sandblast                Erth           26%        2d8       4%          1
 Summon Small Mammal      Summ           52%        N/A       4%          1
 Call Imp                 Summ           26%        N/A       8%          2
 Mercury Vapours          Alch/Air       26%        N/A       8%          2
 Silence                  Hex/Air        20%        N/A       11%         5
 Call Canine Familiar     Summ           13%        N/A       14%         3
 Hailstorm                Conj/Ice       13%        3d6       14%         3
 Mephitic Cloud           Conj/Alch/Air  13%        N/A       14%         3
 Passwall                 Erth           13%        N/A       14%         3
 Stone Arrow              Conj/Erth      26%        3d8       14%         3
 Summon Ice Beast         Ice/Summ       13%        N/A       14%         3
 Vampiric Draining        Necr           13%        2d6       14%         3
 Animate Armour           Summ/Erth      26%        N/A       43%         4
 Brom's Barrelling Bould  Conj/Erth      13%        2d4       43%         4
 Dispel Undead            Necr           13%        3d9       43%         4
 Flame Wave               Conj/Fire      13%        2d6       43%         4
 Iskenderun's Mystic Bla  Conj/Tloc      13%        2d5       43%         4
 Sticky Flame             Fire/Alch      13%        2d5       43%         4
 Summon Blazeheart Golem  Fire/Summ      13%        N/A       43%         4
 Summon Lightning Spire   Summ/Air       13%        N/A       43%         4
 Vhi's Electric Charge    Tloc/Air       26%        N/A       43%         4
 Borgnjor's Vile Clutch   Necr/Erth      6%         N/A       80%         5
 Curse of Agony           Necr           13%        N/A       80%         5
 Lee's Rapid Deconstruct  Erth           6%         3d6*      80%         5
 Death Channel            Necr           6%         N/A       100%        6
 Sculpt Simulacrum        Ice/Alch       6%         N/A       100%        6
 Orb of Destruction       Conj           6%         9d6       100%        7
 Spellforged Servitor     Conj/Summ      6%         N/A       100%        7
 Animate Dead             Necr           Unusable   N/A       N/A         4

Dungeon Overview and Level Annotations

Branches:
Dungeon (15/15)            Temple (1/1) D:5            Lair (1/5) D:8
    Orc (0/2) D:9          Vaults (0/5) D:13          Sewer (visited)
 Depths: D:15

Altars:
Ashenzari
Cheibriados
Dithmenos
Elyvilon
Fedhas
Gozag
Hepliaklqana
Kikubaaqudgha
Makhleb
Nemelex Xobeh
Okawaru
Qazlal
Ru
Sif Muna
Trog
Uskayaw
Vehumet
Wu Jian
Xom
Yredelemnul
Zin
The Shining One

Shops:
D:5 ?

Annotations:
Temple 2 transporters


Innate Abilities, Weirdness & Mutations

You are very small and have problems with some larger weapons.
You are too small for most types of armour.
You have supernaturally acute eyesight. (SInv)
You cover ground extremely quickly. (Speed+++)


Message History

The catoblepas completely misses you.
The catoblepas resists with almost no effort.
The catoblepas gores you!!
The catoblepas resists with almost no effort.
The catoblepas barely misses you.
A hell knight comes into view. It is wielding a +5 battleaxe.
The tengu conjurer looks drowsy...
The catoblepas breathes a plume of calcifying dust at you.
The blast of calcifying dust hits you.
The helpless tengu conjurer fails to defend itself.
You spit the tengu conjurer like a pig!!!!!
You burn the tengu conjurer.
You kill the tengu conjurer!
The battlesphere dissipates.
You are engulfed in calcifying dust.
You are slowing down.
The catoblepas breathes a plume of calcifying dust at you.
The blast of calcifying dust hits you but does no damage.
You see here 8 gold pieces.
The catoblepas attacks as it pursues you!
The catoblepas gores you!
The hell knight mumbles some strange prayers to its god.
The hell knight seems to speed up.
Your limbs are stiffening.
As you read the scroll of teleportation, it crumbles to dust.
You feel strangely unstable. The hell knight misses you.
The catoblepas closely misses you.
The hell knight hits you with a +5 battleaxe!!
The catoblepas gores you.
The hell knight mumbles some strange prayers to its god against you.
The bolt of fire hits you!!
* * * LOW HITPOINT WARNING * * *
You have turned to stone.
The hell knight hits you with a +5 battleaxe.
* * * LOW HITPOINT WARNING * * *
The catoblepas gores you!
* * * LOW HITPOINT WARNING * * *
The hell knight barely misses you.
The catoblepas gores you but does no damage.
The hell knight hits you with a +5 battleaxe!
You die...
Your body crumbles into a pile of gold.

#########.........§......
.#.
..................§.....
......................#
..................§.?.##.#
........%......?.........#
...................##
..##########.......# ..#
#§§§§§§.# ..# #....@Y.#
..# #.....p.# ..#
#.........# .........###'#
.......... .. ...######..
# #.. .. #. ...


You could see a catoblepas and a hell knight (fast).

Vanquished Creatures
  2 frost giants (D:14)
  A very ugly thing (D:14)
  Snorg (D:14)
  A rakshasa (D:14)
  A vault guard (D:13)
  A catoblepas (D:13)
  7 centaur warriors
  A death knight (D:14)
  2 hydras (D:14)
  Erica (D:8)
  8 two-headed ogres
  A dancing weapon (D:14)
  3 tengu warriors (D:14)
  4 boulder beetles
  Nergalle (D:10)
  4 skeletal warriors
  2 phantasmal warriors (D:14)
  An orc knight (D:14)
  Pikel (D:8)
  A harpy (shapeshifter) (D:15)
  12 ugly things
  6 deep elf pyromancers
  5 cyclopes
  4 manticores
  A black mamba (Lair:1)
  2 statues (D:13)
  3 meliai (D:12)
  5 centaur zombies (D:13)
  6 orange demons (D:12)
  A cane toad (Lair:1)
  3 gargoyles
  A yaktaur (D:14)
  2 freezing wraiths
  2 unseen horrors
  Psyche (D:12)
  A komodo dragon (Lair:1)
  A tengu conjurer (D:15)
  6 trolls
  4 red devils (D:12)
  A queen bee (D:12)
  A hornet (D:11)
  5 blink frogs (Lair:1)
  A centaur simulacrum (D:14)
  5 slime creatures
  4 shadows
  A vampire (D:9)
  A yak (shapeshifter) (D:13)
  18 yaks
  4 wraiths
  3 wyverns
  A basilisk (Lair:1)
  A steam dragon (D:7)
  6 vampire mosquitoes (D:12)
  The ghost of cordlesssteve the Grave Robber, an amateur DsNe of Lugonu (D:4)
  3 acid dragons
  4 orc warriors (D:9)
  2 ice beasts
  2 sky beasts (D:7)
  2 laughing skulls (D:14)
  A crocodile (Sewer)
  An ogre (D:6)
  6 wolves
  12 centaurs
  3 kobold brigands
  5 bullfrogs
  A brain worm (Sewer)
  A gnoll sergeant (D:11)
  2 scorpions
  3 wights (D:8)
  21 killer bees
  5 electric eels (D:8)
  2 howler monkeys (D:7)
  9 hounds
  2 jellies
  2 gnoll boudas
  8 orc priests
  Crazy Yiuf (D:7)
  4 iguanas
  11 orc wizards
  2 sleepcaps
  Ijyb (D:5)
  4 hell rats
  20 gnolls
  7 adders
  3 dart slugs
  2 ribbon worms
  35 orcs
  9 ball pythons
  13 bats
  8 endoplasms
  5 giant cockroaches
  7 goblins
  8 hobgoblins
  11 jackals
  10 quokkas
  3 frilled lizards (D:1)
  13 kobolds
  6 rats
443 creatures vanquished.

Notes
Turn   | Place    | Note
-------+----------+-------------------------------------------
     0 | D:1      | Gadfly the Spriggan Enchanter began the quest for the Orb.
     0 | D:1      | Reached XP level 1. HP: 9/9 MP: 5/5
   123 | D:1      | Reached XP level 2. HP: 13/13 MP: 6/6
   126 | D:1      | Learned a level 2 spell: Ensorcelled Hibernation
   360 | D:1      | Reached skill level 1 in Evocations
   528 | D:1      | Reached XP level 3. HP: 17/17 MP: 2/8
   723 | D:1      | Learned a level 3 spell: Confusing Touch
  1094 | D:2      | Reached skill level 1 in Fighting
  1172 | D:2      | Reached skill level 5 in Stealth
  1172 | D:2      | Reached XP level 4. HP: 19/22 MP: 3/9
  1302 | D:2      | Found a broken altar of Ashenzari.
  1509 | D:2      | Identified the +2 leather armour of Uskayaw's Hatred {rN+}
  2281 | D:3      | Reached XP level 5. HP: 25/25 MP: 11/11
  2282 | D:3      | Found an ornate altar of the Wu Jian Council.
  2939 | D:3      | Learned a level 3 spell: Swiftness
  2973 | D:4      | Found a snail-covered altar of Cheibriados.
  3012 | D:4      | Reached XP level 6. HP: 30/30 MP: 12/12
  3028 | D:4      | Found a runed translucent door.
  3028 | D:4      | Noticed cordlesssteve's ghost (amateur DsNe)
  3744 | D:4      | Reached skill level 6 in Stealth
  4092 | D:4      | Killed cordlesssteve's ghost
  4142 | D:5      | Entered Level 5 of the Dungeon
  4215 | D:5      | Found a staircase to the Ecumenical Temple.
  4240 | D:5      | Reached XP level 7. HP: 35/35 MP: 11/14
  4253 | Temple   | Found a transporter.
  4253 | Temple   | Found a transporter.
  4253 | Temple   | Found a transporter.
  4253 | Temple   | Found a transporter.
  4253 | Temple   | Entered the Ecumenical Temple
  4392 | D:5      | Reached skill level 5 in Hexes
  4618 | D:5      | Noticed Ijyb
  4627 | D:5      | Killed Ijyb
  4845 | D:5      | Reached skill level 5 in Dodging
  4986 | D:5      | Found Uzudegyo's Magic Scroll Emporium.
  4994 | D:5      | Bought a scroll of blinking for 82 gold pieces
  4994 | D:5      | Bought a scroll of amnesia for 44 gold pieces
  5504 | D:6      | Found a glowing drain.
  5534 | Sewer    | Entered a sewer
  5584 | Sewer    | Reached skill level 7 in Stealth
  5584 | Sewer    | Reached XP level 8. HP: 39/39 MP: 16/16
  5613 | Sewer    | Reached skill level 5 in Spellcasting
  5675 | D:6      | Found an opulent altar of Gozag.
  5726 | D:6      | Became a worshipper of Gozag Ym Sagoz the Greedy
  6803 | D:6      | Reached skill level 5 in Evocations
  7037 | D:7      | Reached skill level 8 in Stealth
  7140 | D:7      | Noticed a manticore
  7140 | D:7      | Noticed a troll
  7140 | D:7      | Noticed a red ugly thing
  7142 | D:7      | Killed a manticore
  7143 | D:7      | Reached skill level 5 in Short Blades
  7143 | D:7      | Reached XP level 9. HP: 45/45 MP: 17/19
  7145 | D:7      | Identified the +9 shadow dragon scales "Uxzuduarch" {rF+
                  | rN++ Dex-2 Stlth++++}
  7148 | D:7      | Noticed a boulder beetle
  7150 | D:7      | Killed a red ugly thing
  7357 | D:7      | Identified the scarf of Midwinter {repulsion, rF++ Dex-4}
  7481 | D:7      | Killed a boulder beetle
  7482 | D:7      | Reached skill level 9 in Stealth
  7513 | D:7      | Killed a troll
  7611 | D:7      | Found a runed translucent door.
  7612 | D:7      | Noticed Crazy Yiuf
  7657 | D:7      | Reached XP level 10. HP: 26/51 MP: 8/21
  8133 | D:7      | Got the Quarto of Invitation and the Tempest
  8217 | D:7      | Identified the +1 robe of the Crypt {rPois rC+++}
  8511 | D:7      | Killed Crazy Yiuf
  8579 | D:8      | Noticed Erica
  8583 | D:8      | Killed Erica
  8613 | D:8      | Noticed Pikel
  8633 | D:8      | Killed Pikel
  8634 | D:8      | Reached skill level 10 in Stealth
  9043 | D:8      | Reached skill level 5 in Fighting
  9306 | D:8      | Found a staircase to the Lair.
  9846 | D:8      | Identified the +4 leather armour of Heresy {rC+ rN+ Will+}
 10135 | D:9      | Noticed a white ugly thing
 10148 | D:9      | Killed a white ugly thing
 10149 | D:9      | Reached XP level 11. HP: 56/56 MP: 20/24
 10357 | D:9      | Noticed a two-headed ogre
 10373 | D:9      | Killed a two-headed ogre
 10374 | D:9      | Reached skill level 11 in Stealth
 10841 | D:9      | Found a staircase to the Orcish Mines.
 11085 | D:10     | Entered Level 10 of the Dungeon
 11098 | D:10     | Noticed a two-headed ogre
 11103 | D:10     | Killed a two-headed ogre
 11110 | D:10     | Noticed Nergalle
 11114 | D:10     | Killed Nergalle
 11203 | D:10     | Noticed a two-headed ogre
 11210 | D:10     | Killed a two-headed ogre
 11329 | D:10     | Noticed a two-headed ogre
 11338 | D:10     | Killed a two-headed ogre
 11729 | D:10     | Noticed a centaur warrior
 11733 | D:10     | Killed a centaur warrior
 12193 | D:11     | Reached skill level 12 in Stealth
 12384 | D:11     | Reached skill level 10 in Dodging
 12943 | D:11     | Noticed a two-headed ogre
 12948 | D:11     | Killed a two-headed ogre
 12949 | D:11     | Reached XP level 12. HP: 54/62 MP: 23/26
 13321 | Lair:1   | Entered Level 1 of the Lair of Beasts
 13435 | D:5      | Bought a scroll of acquirement for 572 gold pieces
 13435 | D:5      | Bought a scroll of poison for 44 gold pieces
 13465 | D:6      | Acquired an amulet of the acrobat
 14367 | Lair:1   | Reached skill level 10 in Evocations
 14536 | Lair:1   | Reached skill level 10 in Hexes
 15443 | D:12     | Reached skill level 10 in Spellcasting
 15547 | D:12     | Noticed Psyche
 15554 | D:12     | Killed Psyche
 15555 | D:12     | Reached skill level 13 in Stealth
 15655 | D:12     | Noticed a boulder beetle
 15664 | D:12     | Killed a boulder beetle
 16018 | D:11     | HP: 3/63 [killer bee (13)]
 16853 | D:12     | Reached XP level 13. HP: 59/67 MP: 2/28
 18835 | D:13     | Reached skill level 14 in Stealth
 18839 | D:13     | Reached skill level 10 in Short Blades
 18859 | D:13     | Found a gate to the Vaults.
 18956 | D:13     | Identified the +1 hat of Zangasch {rC- Int+4}
 19894 | D:14     | Found the +10 zealot's sword {holy, Zealotry, *Rage rN+
                  | EV+3}
 20161 | D:14     | Noticed a fire giant
 20550 | D:14     | Noticed a red very ugly thing
 20573 | D:14     | Reached XP level 14. HP: 73/73 MP: 27/30
 20976 | D:14     | Killed a red very ugly thing
 20977 | D:14     | Reached skill level 15 in Stealth
 21283 | D:14     | Noticed a frost giant
 21382 | D:14     | Noticed a frost giant
 21469 | D:14     | Killed a frost giant
 21581 | D:14     | Identified the +6 rapier "Gram" {drain, ^Drain rPois rN+++
                  | Will- Int+9}
 21710 | D:14     | Killed a frost giant
 21984 | D:14     | Noticed Snorg
 22012 | D:14     | Killed Snorg
 22606 | D:15     | Entered Level 15 of the Dungeon
 22841 | D:15     | HP: 1/74 [catoblepas (8)]
 22842 | D:15     | Slain by a hell knight

Illustrated notes

Levels and vault maps discovered:
D:1:      heliophobic_arrival_ceremonial_halls, layout_loops_ring,
          chequers_serial_rivers_room_a, chequers_garden
D:2:      layout_basic, basic_altar, minmay_tree_intersection,
          chequers_mini_garden
D:3:      layout_loops_ring, mainiacjoe_overflow_boulevard,
          chequers_serial_rivers_room_b
D:4:      layout_loops_corners, lemuel_crystal_altar,
          hellmonk_ghost_happy_afterlife
D:5:      layout_gridville, minmay_temple_entry_large_hall, serial_shops,
          shop_fountains, kennysheep_nub, uniq_ijyb
D:6:      layout_loops_corners, grunt_gozag_breadcrumbs, portal_sewer_entry_f
D:7:      layout_basic, dreamdust_wishing_well, minmay_the_grid_2x2
          [minmay_the_grid_diamond_grid, minmay_the_grid_stretched_grid,
          minmay_the_grid_box_x, minmay_the_grid_prize_four_corners_diamond_b],
          uniq_crazy_yiuf_cottage
D:8:      layout_basic, erik_lair_island, serial_rivers,
          chequers_serial_rivers_micro_e, chequers_serial_rivers_marsh,
          chequers_serial_rivers_micro_a, chequers_serial_rivers_large_b,
          kennysheep_dice, uniq_erica, uniq_pikel
D:9:      layout_long_grid, david_orc_4
D:10:     layout_grid_maze, uniq_nergalle
D:11:     layout_gridville
D:12:     layout_gridville, special_room [special_room_bee],
          minmay_beelzebubs_servants, uniq_psyche
D:13:     layout_roguey, david_vaults_5, serial_undead, serial_undead_f,
          serial_undead_b, serial_undead_f, serial_undead_e,
          minmay_dual_archer_statues
D:14:     layout_long_grid, minmay_misc_feat_hallway, nicolae_rejected_hall,
          uniq_snorg
D:15:     hangedman_depths_entry_civil_slaughter, layout_long_grid
Temple:   hellmonk_temple_divided_pantheon
Lair:1:   layout_gridlike

Skill      XL: |  1  2  3  4  5  6  7  8  9 10 11 12 13 14 |
---------------+-------------------------------------------+-----
Evocations     | 1 2 3 4 5 6 8 9 10 12 | 12.8
Dodging        | 3 4 5 6 7 8 10 11 13 14 | 14.3
Spellcasting   | 3 4 6 7 8 9 10 11 12 | 12.2
Fighting       | 1 2 3 4 5 6 7 8 |  8.7
Short Blades   | 2 3 5 6 7 8 9 10 11 | 11.3
Hexes          | 4 5 6 7 8 9 10 11 12 | 12.4
Stealth        | 5 6 7 8 9 10 12 13 14 15 | 15.6

Action                     |  1- 3 |  4- 6 |  7- 9 | 10-12 | 13-15 || total
---------------------------+-------+-------+-------+-------+-------++-------
  Melee: Dagger            |   133 |   134 |   203 |   642 |   546 ||  1658
         Punch             |     2 |       |     1 |     7 |    10 ||    20
   Cast: Ensorcelled Hiber |    22 |    40 |    73 |   219 |   158 ||   512
         Confusing Touch   |       |     1 |     5 |    19 |    23 ||    48
  Evoke: Wand              |       |       |       |     7 |    10 ||    17
         Phial of floods   |       |       |       |       |     2 ||     2
    Use: Scroll            |     1 |    13 |     2 |     5 |     1 ||    22
         Potion            |     1 |       |       |     2 |     2 ||     5
   Stab: Sleeping          |    14 |    43 |    44 |   111 |    62 ||   274
         Distracted        |       |     2 |     1 |     4 |     8 ||    15
         Confused          |       |     3 |     4 |    18 |    24 ||    49
         Petrified         |       |       |       |       |     4 ||     4
         Invisible         |       |       |       |       |     1 ||     1
 Armour: Robe              |    38 |    27 |    54 |   178 |   106 ||   403
  Dodge: Dodged            |   119 |    88 |   246 |   750 |   389 ||  1592
